 Dungeon Crawl Stone Soup version 0.29.0-5-ge4962eb29e (webtiles) character file.

Game seed: 4076912587438232405

268 Arcadio the Charlatan (level 6, -18/47 HPs)
             Began as a Demonspawn Artificer on Aug 29, 2022.
             Was a Follower of Uskayaw.
             Killed by an exploding orc (26 damage)
             ... ignited by their inner flame
             ... on level 5 of the Dungeon.
             The game lasted 00:12:52 (4266 turns).

Arcadio the Charlatan (Demonspawn Artificer)        Turns: 4266, Time: 00:12:53

Health: -18/47     AC:  6    Str: 12    XL:     6   Next: 1%
Magic:  6/6        EV: 10    Int: 12    God:    Uskayaw [*.....]
Gold:   230        SH:  4    Dex: 16    Spells: 5/5 levels left

rFire   . . .      SeeInvis .   b - +1 dagger (elec)
rCold   . . .      Faith    .   (no shield)
rNeg    . . .      Spirit   .   f - +0 ring mail
rPois   .          Reflect  .   (no helmet)
rElec   .          Harm     .   (no cloak)
rCorr   .          Rampage  .   k - +0 pair of gloves
Will    .....                   (no boots)
Stlth   +.........              z - amulet of magic regeneration
HPRegen 1.15/turn               (no ring)
MPRegen 0.50/turn               (no ring)

@: no status effects
A: large bone plates 1, demonic guardian 1, powered by death 1
a: Renounce Religion, Stomp


You were on level 5 of the Dungeon.
You worshipped Uskayaw.
Uskayaw was noncommittal.
You visited 1 branch of the dungeon, and saw 5 of its levels.

You collected 230 gold pieces.

Inventory:

Hand Weapons
 a - a +0 sling of electrocution
 b - a +1 dagger of electrocution (weapon)
 g - a +0 short sword
 t - a +0 club
Armour
 f - a +0 ring mail (worn)
 k - a +0 pair of gloves (worn)
 m - a +0 leather armour
Jewellery
 z - an amulet of magic regeneration (around neck)
 A - a ring of fire
 D - a ring of positive energy
Wands
 c - a wand of flame (13) (quivered)
 d - a wand of charming (12)
 e - a wand of iceblast (4)
Scrolls
 n - 2 scrolls of enchant armour
 p - a scroll of brand weapon
 r - a scroll of noise
 s - 3 scrolls of amnesia
 v - 2 scrolls of vulnerability
 y - a scroll of teleportation {unknown}
Potions
 h - 3 potions of attraction
 i - a potion of lignification
 j - a potion of cancellation
 l - a potion of curing
 o - 2 potions of haste
 q - 3 potions of brilliance
 B - a potion of ambrosia
 C - a potion of heal wounds {unknown}


   Skills:
 + Level 3.4 Fighting
 + Level 1.5 Ranged Weapons
 + Level 3.5 Armour
 - Level 0.8 Dodging
 - Level 0.8 Stealth
 + Level 0.8 Invocations
 - Level 4.0 Evocations


You had 5 spell levels left.
You didn't know any spells.
Your spell library contained the following spells:

 Spells                   Type           Power      Damage    Failure   Level
 Foxfire                  Conj/Fire      0%         2x1d4     56%         1
 Conjure Flame            Conj/Fire      0%         6-21      91%         3
 Inner Flame              Hex/Fire       0%         N/A       91%         3
 Airstrike                Air            0%         2d(0-16)  100%        4
 Flame Wave               Conj/Fire      0%         2d4       100%        4
 Summon Lightning Spire   Summ/Air       0%         N/A       100%        4
 Lightning Bolt           Conj/Air       0%         1d11      100%        5


Dungeon Overview and Level Annotations

Branches:
Dungeon (4/15) Zot: 25705
 Temple: D:4-7

Altars:
Gozag
Uskayaw

Shops:
D:1 ((   D:5 (

Annotations:
D:5 Sigmund


Innate Abilities, Weirdness & Mutations

You are partially covered in large bone plates. (SH +4)
A weak demonic guardian rushes to your aid.
You regenerate a little health from kills.


Message History

Sigmund flickers and vanishes!
The white imp shouts, "Crawl home, thou fulsome sow-suckled beggar!"
You see here 12 gold pieces.
Okay, then.
Press: ? - help, v - describe, . - travel, g - get item Item here: 12 gold pieces.
The floor.
As you read the scroll of identify, it crumbles to dust.
n - 2 scrolls of enchant armour Something hits you!
* * * LOW HITPOINT WARNING * * *
As you read the scroll of identify, it crumbles to dust.
v - 2 scrolls of vulnerability You block something's attack.
There is an entrance to Urodwor's Antique Weapon Boutique here.
As you read the scroll labelled ZUUHOO DUTSOAH, it crumbles to dust.
It is a scroll of brand weapon.
Your +0 sling crackles with electricity.
a - a +0 sling of electrocution
As you read the scroll labelled PATIG NAPECAMN, it crumbles to dust.
You hear a loud clanging noise!
It was a scroll of noise.
Something hits your orc.
As you read the scroll labelled JAICLETALO, it crumbles to dust.
It is a scroll of amnesia.
You feel forgetful for a moment. Something barely misses your orc.
Unknown command.
As you read the scroll labelled BEVOTU QEMPUTT, it crumbles to dust.
The creatures around you are filled with an inner flame!
It was a scroll of immolation.
As you read the scroll labelled HOKYASUCWE, it crumbles to dust.
Your body is wracked with pain!
* * * LOW HITPOINT WARNING * * *
A demonic guardian appears!
Your orc convulses!
Flame seeps out of your orc.
It was a scroll of torment.
Something barely misses your orc.
Your orc is engulfed in blazing flames.
Your orc explodes!
The fiery explosion engulfs you!!
Ouch! That really hurt!
You die...

##...## ### ..5h. ..#
###########.#
#....o..o...#
#.#########.# #
#.#.......#.##
#.#.#.#####.#..#
#.#.#.#§○5#.#..#####.#
#.#.#$#@#§#.#........#
...!..#.#.###O#.#.########
####..#.#.....#.#.# ##
#$#######{#.#
#.O)))....#.##
###########..#
..o.......######
#.#.##........... #.
#.#.####..######.


You could see a black bear, an ogre, a white imp, 2 orcs and a friendly white
imp (summoned, wandering).

Vanquished Creatures
  A hound (D:4)
  2 orc wizards
  4 adders
  3 worms (D:2)
  4 dart slugs
  13 orcs
  7 bats
  12 endoplasms
  4 giant cockroaches
  7 goblins
  9 hobgoblins
  6 jackals
  4 quokkas
  5 ball pythons
  4 frilled lizards
  5 kobolds
  9 rats
99 creatures vanquished.

Vanquished Creatures (collateral kills)
  An adder (D:5)
  An ufetubus (D:4)
  A hobgoblin (D:1)
  2 jackals (D:1)
  A quokka (D:1)
6 creatures vanquished.

Vanquished Creatures (others)
  An orc (D:5)
1 creature vanquished.

Grand Total: 106 creatures vanquished

Notes
Turn   | Place    | Note
-------+----------+-------------------------------------------
     0 | D:1      | Arcadio the Demonspawn Artificer began the quest for the
                  | Orb.
     0 | D:1      | Reached XP level 1. HP: 15/15 MP: 1/1
   413 | D:1      | Gained mutation: A weak demonic guardian rushes to your
                  | aid. [demonic ancestry]
   413 | D:1      | Reached XP level 2. HP: 18/21 MP: 2/2
   836 | D:1      | Found Soaxtel's Antique Weapon Emporium.
   986 | D:1      | Gained mutation: You regenerate a little health from kills.
                  | [demonic ancestry]
   986 | D:1      | Reached XP level 3. HP: 27/27 MP: 3/3
  1992 | D:1      | Found Bemuppukh's Weapon Shoppe.
  2248 | D:2      | Found a faded altar of an unknown god.
  2270 | D:2      | Reached XP level 4. HP: 33/33 MP: 4/4
  2942 | D:3      | Reached skill level 4 in Evocations
  3180 | D:3      | Found a hide-covered altar of Uskayaw.
  3199 | D:3      | Became a worshipper of Uskayaw the Reveller
  3308 | D:3      | Reached * piety under Uskayaw
  3330 | D:3      | Reached XP level 5. HP: 34/40 MP: 5/5
  3506 | D:4      | Reached ** piety under Uskayaw
  3724 | D:4      | Found an opulent altar of Gozag.
  3759 | D:4      | Reached skill level 1 in Ranged Weapons
  4059 | D:4      | You fall into a shaft and drop 1 floor!
  4059 | D:5      | Entered Level 5 of the Dungeon
  4111 | D:5      | Noticed Sigmund
  4195 | D:5      | Found Urodwor's Antique Weapon Boutique.
  4206 | D:5      | Noticed a black bear
  4206 | D:5      | Noticed an ogre
  4232 | D:5      | Gained mutation: You are partially covered in large bone
                  | plates. (SH +4) [demonic ancestry]
  4232 | D:5      | Reached XP level 6. HP: 18/47 MP: 6/6
  4266 | D:5      | Killed by an exploding orc... ignited by their inner flame

Illustrated notes

Levels and vault maps discovered:
D:1:      wheals_arrival_linesprint, layout_loops_ring, serial_shops, shop,
          nicolae_lakefront_shop
D:2:      layout_rooms, ebering_ecumenical_altar_sacrificial, basic_altar,
          minmay_joined_circles
D:3:      layout_basic, eat_drink_and_be_merry_uskayaw
D:4:      layout_rooms, nicolae_overflow_crystal_walls
D:5:      layout_loops_corners, minmay_temple_entry_statues_pillars,
          serial_shops, nicolae_diamond_shop, nicolae_inconvenience_store,
          reono_crystal_passage, uniq_sigmund

Skill      XL: |  1  2  3  4  5 |
---------------+----------------+-----
Armour         | 2 3 |  3.5
Fighting       | 2 3 |  3.4
Evocations     | 4 |  4.0
Ranged Weapons | 1 |  1.5
Dodging        | |  0.8
Stealth        | |  0.8
Invocations    | |  0.8

Action                   |  1- 3 |  4- 6 || total
-------------------------+-------+-------++-------
Melee: Club              |    61 |       ||    61
       Short sword       |    58 |       ||    58
       Dagger            |    30 |   194 ||   224
       Punch             |     1 |     1 ||     2
 Fire: Sling             |       |    29 ||    29
Evoke: Wand              |     1 |     5 ||     6
  Use: Scroll            |     3 |    11 ||    14
       Potion            |       |     1 ||     1
 Stab: Sleeping          |       |     1 ||     1
Armor: Ring mail         |    61 |    98 ||   159
Dodge: Dodged            |    93 |   122 ||   215
Block: Other             |       |     1 ||     1
